Map: Newkirk Precinct TE (Void)

Players

Musumeci - Winner!

  • Race: Zerg Zerg
  • League: Diamond
  • Spawn Location: 5:00

Blake

  • Race: Protoss Protoss
  • League: Diamond
  • Spawn Location: 7:00

VOD

Have the link to the VOD?

Description

Time

  • Played on: March 23, 2017, 10:35 a.m.
  • Length: 9:22
Show
View Real Time Build Order
Export as new Build Order

Musumeci Zerg - Winner!

Build Orders: Hatch First 

Get SALT Encoding   

  12  0:01  Drone  
  13  0:08  Drone  
  14  0:17  Overlord  
  14  0:30  Drone, Extractor  
  15  0:37  Drone  
  15  0:38  Drone  
  17  0:58  Hatchery  
  16  1:10  Drone x2  
  18  1:12  Extractor  
  18  1:23  Spawning Pool, Drone  
  17  1:31  Drone  
  18  1:43  Drone  
  19  1:53  Overlord  
  19  2:10  Queen x2  
  19  2:13  Metabolic Boost  
  19  2:15  Zergling x2  
  24  2:16  Drone  
  24  2:19  Drone  
  26  2:23  Drone  
  26  2:26  Drone  
  28  2:34  Drone  
  29  2:39  Drone  
  29  2:44  Zergling x2  
  26  3:02  Queen  
  26  3:03  Drone  
  26  3:04  Drone  
  30  3:21  Drone x2  
  30  3:25  Zergling x6  
  30  3:26  Zergling x2  
  35  3:39  Spore Crawler  
  33  3:52  Drone x2  
  35  3:57  Overlord x2  
  35  3:58  Overlord  
  35  4:03  Hatchery  
  35  4:09  Drone  
  35  4:21  Drone x7  
  35  4:22  Drone  
  43  4:42  Evolution Chamber  
  43  4:43  Drone x8  
  50  4:46  Extractor  
  49  5:00  Overlord x2  
  49  5:02  Lair  
  49  5:05  Extractor  
  48  5:21  Zerg Missile Weapons Level 1  
  48  5:25  Extractor  
  47  5:43  Drone x6  
  47  5:44  Drone x6, Roach Warren  
  57  6:28  Roach x8  
  57  6:30  Overlord x3  
  73  6:49  Roach x10  
  73  6:50  Roach x2  
  73  6:51  Ravager  
  96  7:09  Roach  
  96  7:10  Roach x3  
  84  7:23  Roach  
  84  7:24  Roach x6  
  84  7:27  Overlord  
  84  7:28  Overlord x2  
  90  7:40  Ravager x3  
  90  7:41  Ravager x3  
  96  7:45  Overlord x3  
  96  7:49  Ravager x2  
  96  7:50  Ravager  
  99  7:51  Ravager  
  99  7:53  Zergling x2  
  99  7:54  Zergling x10  
  106  8:02  Overlord x5  
  106  8:17  Roach  
  106  8:18  Roach x2  
  112  8:25  Overlord  
  112  8:28  Ravager  
  112  8:29  Ravager x3  
  112  8:30  Zergling x14  
  112  8:31  Zergling x2  
  124  8:42  Ravager  
  124  8:45  Zergling x12  
Show
View Real Time Build Order
Export as new Build Order

Blake Protoss 

Build Orders:  

Get SALT Encoding   

  12  0:01  Probe (Chrono Boost)  
  13  0:11  Probe (Chrono Boost)  
  14  0:21  Pylon  
  14  0:40  Gateway  
  14  0:43  Gateway  
  14  0:47  Probe (Chrono Boost)  
  15  0:53  Assimilator  
  15  0:57  Probe (Chrono Boost)  
  16  1:08  Probe (Chrono Boost)  
  18  1:18  Probe (Chrono Boost)  
  18  1:30  Zealot x2  
  22  1:44  Cybernetics Core  
  22  1:50  Pylon  
  22  1:55  Probe (Chrono Boost)  
  23  2:12  Warp Gate  
  23  2:19  Nexus  
  23  2:31  Adept x2  
  25  3:01  Pylon  
  25  3:02  Mothership Core (Chrono Boost)  
  24  3:07  Adept  
  24  3:10  Assimilator  
  26  3:17  Adept  
  28  3:30  Probe (Chrono Boost)  
  29  3:44  Probe (Chrono Boost)  
  29  3:46  Probe (Chrono Boost)  
  27  3:55  Robotics Facility, Probe (Chrono Boost)  
  28  3:58  Probe (Chrono Boost)  
  29  4:06  Probe (Chrono Boost)  
  31  4:10  Pylon  
  31  4:11  Probe (Chrono Boost)  
  31  4:16  Probe (Chrono Boost)  
  32  4:18  Adept  
  32  4:19  Adept  
  32  4:23  Probe (Chrono Boost)  
  37  4:27  Probe (Chrono Boost)  
  38  4:35  Probe (Chrono Boost)  
  38  4:37  Probe (Chrono Boost)  
  40  4:46  Stalker  
  40  4:47  Stalker  
  40  4:50  Immortal  
  48  5:07  Gateway  
  48  5:08  Gateway  
  48  5:10  Gateway  
  48  5:18  Probe (Chrono Boost)  
  48  5:19  Probe (Chrono Boost)  
  50  5:26  Sentry  
  50  5:27  Observer, Sentry  
  54  5:34  Probe x2 (Chrono Boost)  
  57  5:36  Pylon  
  57  5:45  Pylon  
  57  5:46  Warp Prism, Probe x2 (Chrono Boost)  
  61  5:58  Pylon  
  61  6:02  Adept x2  
  65  6:07  Adept  
  65  6:08  Sentry  
  65  6:11  Stalker  
  73  6:26  Probe x2 (Chrono Boost)  
  73  6:27  Assimilator  
  73  6:29  Adept  
  75  6:35  Stalker x2  
  75  6:37  Zealot  
  75  6:38  Probe x2 (Chrono Boost)  
  75  6:39  Adept  
  81  7:12  Stalker x3  
  81  7:14  Adept  
  81  7:15  Adept  
  69  7:31  Immortal  
  71  7:43  Stalker  
  75  8:06  Probe x2 (Chrono Boost)  
  75  8:09  Immortal, Nexus  
  75  8:10  Pylon  
  75  8:12  Assimilator  
  75  8:13  Pylon  
  75  8:17  Stalker x2  
  75  8:18  Probe x2 (Chrono Boost)  
  85  8:30  Probe (Chrono Boost)  
  85  8:31  Stalker  
  85  8:32  Stalker  
  85  8:33  Adept  
  92  8:40  Gateway  
  92  8:42  Gateway  
  92  8:43  Gateway  
  92  8:44  Twilight Council  
  92  8:48  Probe x2 (Chrono Boost)  
  94  9:00  Probe x2 (Chrono Boost)  
Tags
 
Add a new tag
Caveats
  • Supply blocks, unpowered buildings, or Contaminate may cause inaccurate times.
  • Supply counts are checked every 10 seconds.